 Dungeon Crawl Stone Soup version 0.28-a0-628-g3c9886e45e (webtiles) character file.

Game seed: 4411185512277495169

228 barkas the Insei (level 6, 0/52 HPs)
             Began as a Naga Transmuter on Oct 8, 2021.
             Slain by a hornet zombie (4 damage)
             ... on level 3 of the Dungeon.
             The game lasted 00:03:52 (4703 turns).

barkas the Insei (Naga Transmuter)                  Turns: 4703, Time: 00:03:53

Health: 0/52       AC:  2    Str: 12    XL:     6   Next: 2%
Magic:  7/9        EV: 20    Int: 13    God:
Gold:   128        SH:  0    Dex: 19    Spells: 5/9 levels left

rFire   . . .      SeeInvis +     - Unarmed
rCold   . . .      Faith    .   (shield currently unavailable)
rNeg    . . .      Spirit   .   (armour currently unavailable)
rPois   x          Reflect  .   (helmet currently unavailable)
rElec   .          Harm     .   (cloak currently unavailable)
rCorr   .          Rampage  .   (gloves currently unavailable)
Will    .....                   (no barding)
Stlth   ++........              (no amulet)
HPRegen 0.17/turn               (no ring)
MPRegen 0.11/turn               (no ring)

@: spider-form (expiring)
A: venomous fangs, AC +2, tiny, see invisible, (deformed body), (poison
resistance), (slowness 2), spit poison 1, (naga tail 1)
a: Spit Poison, End Transformation


You were on level 3 of the Dungeon.
You were a venomous arachnid creature.
You visited 1 branch of the dungeon, and saw 3 of its levels.

You collected 128 gold pieces.

Inventory:

Missiles
 o - 2 throwing nets
Armour
 a - a +0 robe (melded)
 b - a +0 cloak (melded)
 f - a +0 pair of gloves (melded)
 h - a +2 hat (melded)
 j - a +1 ring mail of fire resistance
Scrolls
 d - 4 scrolls of identify {unknown}
 g - 2 scrolls of immolation {unknown}
 k - 2 scrolls of enchant weapon {unknown}
 l - a scroll of fear {unknown}
 m - a scroll of teleportation {unknown}
 n - 3 scrolls of silence {unknown}
Potions
 c - a potion of mutation {unknown}
 e - a potion of ambrosia {unknown}
 i - a potion of resistance {unknown}


   Skills:
 + Level 2.2 Fighting
 + Level 2.4 Dodging
 * Level 4.4 Unarmed Combat
 - Level 2.0 Spellcasting
 + Level 3.0 Transmutations
 + Level 2.8 Poison Magic


You had 5 spell levels left.
You knew the following spells:

 Your Spells              Type           Power      Damage    Failure   Level
a - Beastly Appendage     Tmut           18%        N/A       21%         1
b - Spider Form           Tmut/Pois      4%         N/A       43%         3

Your spell library contained the following spells:

 Spells                   Type           Power      Damage    Failure   Level
 Wereblood                Tmut           9%         N/A       26%         2
 Ignite Poison            Fire/Tmut/Pois 6%         N/A       56%         3
 Conjure Flame            Conj/Fire      1%         6-21      78%         3
 Frozen Ramparts          Ice            2%         1d2       78%         3
 Ice Form                 Ice/Tmut       5%         N/A       92%         4
 Sticky Flame             Conj/Fire      1%         2d3       98%         4
 Summon Ice Beast         Ice/Summ       1%         N/A       98%         4


Dungeon Overview and Level Annotations

Branches:
Dungeon (3/15)

Altars:


Innate Abilities, Weirdness & Mutations

You are a venomous arachnid creature.
You have poisonous fangs.
You are tiny and dextrous.
Your spellcasting is less reliable in this form.
Your armour is entirely melded.
You are incapable of wielding weapons or throwing items.
((Your serpentine skin is tough. (AC +2)))
You have supernaturally acute eyesight. (SInv)
((Armour fits poorly on your strangely shaped body.))
((Your system is resistant to poisons. (rPois)))
((You cover ground very slowly.))
You can spit poison.
((You have a snake-like lower body.))


Message History

The hornet zombie closely misses you.
You hit the hornet zombie but do no damage.
The hornet zombie is moderately damaged.
The hornet zombie hits you! x2
You barely miss the hornet zombie.
The hornet zombie is moderately damaged.
The hornet zombie hits you.
You bite the hornet zombie!
The hornet zombie is heavily damaged.
The hornet zombie misses you.
You hit the hornet zombie.
The hornet zombie is heavily damaged.
The hornet zombie completely misses you.
You hit the hornet zombie but do no damage.
The hornet zombie is heavily damaged.
The hornet zombie hits you!
You barely miss the hornet zombie.
The hornet zombie is heavily damaged.
The hornet zombie hits you!
* * * LOW HITPOINT WARNING * * *
The hornet zombie completely misses you.
You bite the hornet zombie!
The hornet zombie is severely damaged.
The hornet zombie barely misses you.
You hit the hornet zombie but do no damage.
The hornet zombie is severely damaged.
Your transformation is almost over.
The hornet zombie completely misses you.
You hit the hornet zombie.
The hornet zombie is severely damaged.
The hornet zombie barely misses you.
You hit the hornet zombie but do no damage.
The hornet zombie is severely damaged.
The hornet zombie closely misses you.
You hit the hornet zombie but do no damage.
The hornet zombie is severely damaged.
The hornet zombie hits you!
* * * LOW HITPOINT WARNING * * *
The hornet zombie hits you.
You die...

######## #......#
#....... #......#
#.#####. #......#
#.....#. #......#
######.## #>.....#
#........
#......#######.####.##
#....Z.#.....#.#......
#s##.....#.#.##.##
#........#.#.##.##
####.....#.#.##.##
###.###.#.##.## #.#
#...##.##
#.########.## #.#...#
#.## #.#.#.# #...
#########.#.#.####..#


You could see a hornet zombie.

Vanquished Creatures
  An iguana (D:3)
  Jessica (D:3)
  5 adders
  7 gnolls
  A worm (D:2)
  3 dart slugs
  An orc (D:3)
  A bat (D:2)
  5 endoplasms
  A giant cockroach (D:3)
  6 goblins
  6 hobgoblins
  7 kobolds
  4 quokkas
  5 ball pythons
  4 rats
58 creatures vanquished.

Notes
Turn   | Place    | Note
-------+----------+-------------------------------------------
     0 | D:1      | barkas the Naga Transmuter began the quest for the Orb.
     0 | D:1      | Reached XP level 1. HP: 18/18 MP: 3/3
   274 | D:1      | Reached XP level 2. HP: 25/25 MP: 5/5
   761 | D:1      | Reached skill level 1 in Poison Magic
   830 | D:1      | Found a faded altar of an unknown god.
  1503 | D:2      | Reached XP level 3. HP: 18/31 MP: 4/6
  2161 | D:2      | Reached XP level 4. HP: 25/38 MP: 5/7
  2898 | D:2      | Reached skill level 4 in Unarmed Combat
  2912 | D:2      | Reached XP level 5. HP: 33/45 MP: 8/8
  3416 | D:3      | Learned a level 3 spell: Spider Form
  4534 | D:3      | Noticed Jessica
  4596 | D:3      | Killed Jessica
  4597 | D:3      | Reached XP level 6. HP: 51/52 MP: 5/9
  4703 | D:3      | Slain by a hornet zombie

Illustrated notes

Levels and vault maps discovered:
D:1:      giann_bridges, layout_basic, serial_bayou, serial_bayou_shore_b,
          serial_bayou_lagoon_b, serial_bayou_pond_a, serial_bayou_pond_a,
          serial_bayou_pond_a, serial_bayou_shore_a,
          hellmonk_ecumenical_altar_arch_garden, solitary_fountain,
          chequers_serial_rivers_large_a
D:2:      layout_loops_corners
D:3:      layout_basic, uniq_jessica

Skill      XL: |  1  2  3  4  5 |
---------------+----------------+-----
Poison Magic   | 1 2 |  2.8
Dodging        | 2 |  2.4
Unarmed Combat | 4 |  4.4
Fighting       | 2 |  2.2
Transmutations | 3 |  3.0
Spellcasting   | |  2.0

Action                   |  1- 3 |  4- 6 || total
-------------------------+-------+-------++-------
Melee: Unarmed           |    58 |    86 ||   144
       Headbutt          |     3 |     9 ||    12
       Punch             |     1 |       ||     1
 Cast: Beastly Appendage |    11 |    23 ||    34
       Spider Form       |       |     3 ||     3
 Abil: Spit Poison       |    20 |    35 ||    55
Armor: Robe              |    10 |    18 ||    28
Dodge: Dodged            |    22 |    53 ||    75

Table legend: (Time is in decaauts)
 A = Elapsed time spent in this place.
 B = Non-inter-level travel time spent in this place.
 C = Inter-level travel time spent in this place.
 D = Time resting spent in this place.
 E = Time spent auto-exploring this place.
 F = Levels seen in this place.
 G = Mean time per level.
                   A        B        C        D        E       F      G
               +--------+--------+--------+--------+--------+-----+--------+
         Total |   5717 |   5579 |    138 |    333 |   4670 |   3 | 1905.7 |
       Dungeon |   5717 |   5579 |    138 |    333 |   4670 |   3 | 1905.7 |
               +--------+--------+--------+--------+--------+-----+--------+

Top non-repeatable levels by time:
     D:2: 2182 daAuts
     D:3: 1829 daAuts
     D:1: 1706 daAuts
